 Dungeon Crawl Stone Soup version 0.21-a0-265-gb353147 (webtiles) character file.

407 Gagarin the Distorting Demonspawn (level 6, -1/48 HPs)
             Began as a Demonspawn Abyssal Knight on Sept 12, 2017.
             Was a Believer of Lugonu.
             Slain by a centaur (5 damage)
             ... on level 6 of the Dungeon.
             The game lasted 00:10:36 (3532 turns).

Gagarin the Distorting Demonspawn (DsAK)            Turns: 3532, Time: 00:10:37

Health: -1/48      AC:  8    Str: 14    XL:     6   Next: 57%
Magic:  9/9        EV: 12    Int: 14    God:    Lugonu [**....]
Gold:   262        SH:  0    Dex: 12    Spells: 5/5 levels left

rFire    . . .     SeeInvis .   a - +2 falchion
rCold    . . .     Gourm    .   (no shield)
rNeg     + . .     Faith    .   b - +0 leather armour
rPois    .         Spirit   .   (helmet restricted)
rElec    .         Reflect  .   u - +0 cloak
rCorr    .         Harm     .   (no gloves)
MR       .....                  x - +0 pair of boots
Stlth    +.........             (no amulet)
HPRegen  0.16/turn              v - ring of positive energy
MPRegen  0.11/turn              F - +1 ring of protection

@: no status effects
A: antennae 2, iridescent scales 1
a: Depart the Abyss, Bend Space, Renounce Religion


You were on level 6 of the Dungeon.
You worshipped Lugonu.
Lugonu was pleased with you.
You were not hungry.

You visited 1 branch of the dungeon, and saw 6 of its levels.
You visited the Abyss 1 time.

You collected 262 gold pieces.

Inventory:

Hand Weapons
 a - a +2 falchion (weapon)
Armour
 b - a +0 leather armour (worn)
 u - a +0 cloak (worn)
 x - a +0 pair of boots (worn)
Jewellery
 v - a ring of positive energy (left hand)
 A - an uncursed ring of ice
 F - a +1 ring of protection (right hand)
Scrolls
 d - a scroll of identify
 e - a scroll of amnesia {unknown}
 i - 4 scrolls of enchant weapon
 j - a scroll of magic mapping
 l - a scroll of fear {unknown}
 o - a scroll of random uselessness {unknown}
 q - a scroll of blinking {unknown}
 s - a scroll of remove curse
 w - a scroll of noise
 y - a scroll of recharging
 B - a scroll of immolation {unknown}
 C - a scroll of teleportation
Potions
 g - 2 potions of haste
 t - a potion of lignification {unknown}
 z - a potion of agility {unknown}
 D - a potion of flight {unknown}
 G - a potion of might
 H - a potion of invisibility
Comestibles
 c - 2 bread rations
 f - 3 royal jellies
 h - a chunk of flesh
 p - 2 meat rations
 r - 10 fruits


   Skills:
 + Level 4.3 Fighting
 + Level 3.4 Long Blades
 + Level 0.0 Throwing
 + Level 2.9 Armour
 + Level 2.8 Dodging
 + Level 4.6 Invocations


You had 5 spell levels left.
You didn't know any spells.

Dungeon Overview and Level Annotations

Branches:
Dungeon (6/15)
 Temple: D:4-7

Altars:
Cheibriados
Makhleb

Annotations:
D:4 Amnesiac's ghost, novice DEEE


Innate Abilities, Weirdness & Mutations

You have a pair of antennae on your head.
You are partially covered in iridescent scales. (AC +2)


Message History

You start resting.
Eating one of 9 chunks of flesh.
You eat one of the 9 chunks of flesh.
This raw flesh tastes terrible.
Some of the chunks of flesh in your inventory have rotted away. x3
HP restored.
You sense a monster nearby.
Found 27 sling bullets.
A centaur comes into view.
The centaur shouts!
The centaur wields a shortbow.
The centaur shoots an arrow.
The arrow hits you!
You see here an arrow.
The centaur shoots an arrow.
The arrow hits you!
The centaur shoots an arrow.
The arrow hits you!
You see here an arrow.
The centaur shoots an arrow.
The arrow hits you!
* * * LOW HITPOINT WARNING * * *
You see here an arrow.
The centaur unwields an uncursed shortbow.
The centaur hits you.
You die...

#.#.# #.#.#
#.#.# #.#.#
#.#.# .
#.#.#
....###.#(#
........(.#
....#####@#
≈ #c# #.#
#.# #.# #.#
#.# #.#


You could see a centaur.

Vanquished Creatures
  A water moccasin (D:5)
  A hound (D:4)
  A bullfrog skeleton (D:4)
  A worker ant (D:4)
  4 gnolls (D:5)
  9 adders
  An ooze (D:1)
  2 worms (D:2)
  3 dart slugs (D:1)
  7 orcs
  2 ball pythons
  4 giant cockroaches
  8 goblins
  6 hobgoblins
  8 jackals
  A quokka (D:6)
  9 bats
  5 frilled lizards
  7 kobolds
  A quokka skeleton (D:5)
  5 rats
86 creatures vanquished.

Notes
Turn   | Place    | Note
-------+----------+-------------------------------------------
     0 | Abyss:1  | Gagarin the Demonspawn Abyssal Knight began the quest for the Orb.
     0 | Abyss:1  | Reached XP level 1. HP: 18/18 MP: 2/2
    40 | Abyss:1  | Noticed a neqoxec
    40 | D:1      | Escaped the Abyss
    84 | D:1      | Reached * piety under Lugonu
    84 | D:1      | Reached skill level 1 in Dodging
   182 | D:1      | Gained mutation: You are partially covered in iridescent scales. (AC +2) [demonic ancestry]
   182 | D:1      | Reached XP level 2. HP: 16/24 MP: 3/3
   626 | D:1      | Reached XP level 3. HP: 27/29 MP: 4/4
  1397 | D:2      | Gained mutation: You have a pair of small antennae on your head. [demonic ancestry]
  1397 | D:2      | Reached XP level 4. HP: 21/35 MP: 6/6
  1864 | D:3      | Found a burning altar of Makhleb.
  1870 | D:3      | Reached ** piety under Lugonu
  2571 | D:4      | Noticed Amnesiac's ghost (novice DEEE)
  2578 | D:5      | Entered Level 5 of the Dungeon
  2578 | D:5      | Noticed a water moccasin
  2592 | D:5      | Killed a water moccasin
  2592 | D:5      | Reached XP level 5. HP: 26/42 MP: 6/8
  2604 | D:5      | Found a snail-covered altar of Cheibriados.
  2855 | D:4      | Gained mutation: You have a pair of antennae on your head. [demonic ancestry]
  2855 | D:4      | Reached XP level 6. HP: 45/48 MP: 9/9
  3532 | D:6      | Slain by a centaur

Vault maps used:
D:1:      dpeg_arrival_brainrot
D:2:      nicolae_overflow_hidden_temple
D:3:      old_standard_altar
D:4:      lemuel_coloured_pillars_altar, first_bread
D:5:      vehumet_altar_wand_db, cheibriados_altar_1, solitary_fountain,
          xom_teletrap_fun
D:6:      lemuel_crystal_altar, lemuel_crystal_altar, lightli_temple_of_fire,
          gammafunk_temple_overflow_statue, nicolae_qazlal_general_emergency

Skill      XL: |  1  2  3  4 |
---------------+-------------+-----
Dodging        | 1 2 |  2.8
Armour         | 2 |  2.9
Long Blades    | 2 3 |  3.4
Invocations    | 4 |  4.6
Fighting       | 4 |  4.3

Action                   |  1- 3 |  4- 6 || total
-------------------------+-------+-------++-------
Melee: Falchion          |   113 |   179 ||   292
Throw: Throwing net      |       |     1 ||     1
Invok: Depart the Abyss  |     1 |       ||     1
       Bend Space        |       |     2 ||     2
  Use: Scroll            |       |     7 ||     7
       Potion            |       |     5 ||     5
  Eat: Chunk             |     2 |     7 ||     9
Armor: Leather armour    |    62 |    69 ||   131
Dodge: Dodged            |    68 |   120 ||   188
       Rpst.: Falchion   |    17 |    32 ||    49

Table legend:
 A = Spawn XP
 B = Non-spawn XP
 C = Spawn XP percentage of total XP
 D = Spawn monster count
 E = Non-spawn monster count
 F = Spawn count percentage of total count
 G = Total turns spent on level
                    A         B        C        D         E        F      G
               +---------+---------+-------+---------+---------+-------+---------
         Total |       0 |     582 |   0.0 |       0 |      86 |   0.0 |  3532
               +---------+---------+-------+---------+---------+-------+---------
           D:1 |       0 |      49 |   0.0 |       0 |      23 |   0.0 |  1056
           D:2 |       0 |      54 |   0.0 |       0 |      24 |   0.0 |   713
           D:3 |       0 |      81 |   0.0 |       0 |      16 |   0.0 |   742
           D:4 |       0 |     157 |   0.0 |       0 |      12 |   0.0 |   581
           D:5 |       0 |     239 |   0.0 |       0 |      10 |   0.0 |   149
           D:6 |       0 |       2 |   0.0 |       0 |       1 |   0.0 |   251
               +---------+---------+-------+---------+---------+-------+---------
